 Dungeon Sprint DCSS version 0.28.0-53-g5a82cb258f (webtiles) character file.

Game seed: 4711419756683196050

37 Zeld the Skirmisher (level 3, -4/55 HPs)
             Began as a Minotaur Berserker on June 5, 2022.
             Was a Believer of Trog.
             Slain by a water elemental (13 damage)
             ... in the Dungeon (Sprint III: "The Ten Rune Challenge").
             The game lasted 00:00:23 (460 turns).

Zeld the Skirmisher (Minotaur Berserker)             Turns: 460, Time: 00:00:23

Health: -4/55      AC:  2    Str: 23    XL:     3   Next: 21%
Magic:  2/2        EV: 12    Int:  4    God:    Trog [**....]
Gold:   12         SH:  0    Dex:  9    Spells: 2/2 levels left

rFire   . . .      SeeInvis .   a - +0 hand axe
rCold   . . .      Faith    .   (no shield)
rNeg    . . .      Spirit   .   b - +0 animal skin
rPois   .          Reflect  .   (helmet restricted)
rElec   .          Harm     .   (no cloak)
rCorr   .          Rampage  .   (no gloves)
Will    .....      NoTele   +   (no boots)
Stlth   ..........              (no amulet)
HPRegen 0.18/turn               (no ring)
MPRegen 0.08/turn               (no ring)

@: berserking, very quick
A: horns 2, retaliatory headbutt
a: Renounce Religion, Berserk, Trog's Hand


You were in the Dungeon.
You worshipped Trog.
Trog was pleased with you.
You visited 1 branch You collected 12 gold pieces.

Inventory:

Hand Weapons
 a - a +0 hand axe (weapon)
Armour
 b - a +0 animal skin (worn)
Scrolls
 h - a scroll of blinking
 i - a scroll of holy word {unknown}
 j - 3 scrolls of identify
 m - a scroll of torment {unknown}
Potions
 c - 2 potions of curing
 d - a potion of heal wounds
 e - a potion of haste
 f - 2 potions of magic
 g - a potion of berserk rage
 k - 2 potions of flight {unknown}
 l - 4 potions of mutation


   Skills:
 * Level 5.7 Fighting
 * Level 5.7 Axes
 + Level 3.9 Armour
 + Level 3.5 Dodging


You had 2 spell levels left.
You didn't know any spells.
Your spell library was empty.

Dungeon Overview and Level Annotations

Branches:
Dungeon (1/1)

Altars:


Innate Abilities, Weirdness & Mutations

You have a pair of horns on your head.
You reflexively headbutt those who attack you in melee.


Message History

Found 12 gold pieces and 2 potions of mutation.
There is an open door here.
You now have 9 gold pieces.
i - a scroll labelled XIERPH ESTRICO;
j - 2 scrolls of identify
k - a sedimented pink potion
Things that are here:
a potion of mutation; 2 potions of mutation
l - a potion of mutation
l - 2 potions of mutation (gained 1);
m - a scroll labelled BUOMIL JARRALU
j - 3 scrolls of identify (gained 1);
c - 2 potions of curing (gained 1)
k - 2 sedimented pink potions (gained 1)
l - 4 potions of mutation (gained 2)
You now have 12 gold pieces (gained 3).
You start waiting.
You start waiting.
There is an open door here.
You open the door.
A water elemental comes into view.
The water elemental hits you!
The water elemental engulfs you in water!
There is an open door to the Ecumenical Temple, spattered with blood here.
You cannot call out to Trog while unable to breathe.
You hit the water elemental but do no damage.
Your lungs strain for air!
The water elemental hits you!
* * * LOW HITPOINT WARNING * * *
You are too injured to fight recklessly!
You hit the water elemental. You headbutt the water elemental!
The water elemental is heavily damaged.
* * * LOW HITPOINT WARNING * * *
Your lungs strain for air!
The water elemental hits you.
You slip free of the water engulfing you.
You gasp with relief as air once again reaches your lungs.
Press: ? - help, v - describe, . - travel
Here: a water elemental (heavily damaged)
An open door to the Ecumenical Temple, spattered with blood.
A red film seems to cover your vision as you go berserk!
You feel yourself moving faster!
You feel mighty! The water elemental hits you!
You die...

▓▓▓▓▓▓▓▓ ▓▓▓ <..#(..####
##.# ...#......#####..#
..##.......#..#..#
##.##.##...#..#..###+#+##
##.##.###..##'#..#.......
#.####.##..###...E.⌠.....
.###..##.†####..@#...####
#.....##..###....#.⌠.#
###..##...##.....#...#
##..##....#.÷....#+###
#..###..##.#.....# #(.#
#..#####....# ▓▓▓▓ ▓▓▓▓
▓▓▓▓▓▓


You could see a water elemental.

Vanquished Creatures
  A human (D)
  A wolf (D)
  2 endoplasms (D)
  2 rats (D)
6 creatures vanquished.

Notes
Turn   | Place    | Note
-------+----------+-------------------------------------------
     0 | D        | Zeld the Minotaur Berserker began the quest for the Orb.
     0 | D        | Reached XP level 1. HP: 19/19 MP: 0/0
   118 | D        | Reached ** piety under Trog
   128 | D        | Noticed a wolf
   131 | D        | Killed a wolf
   132 | D        | Reached skill level 5 in Fighting
   132 | D        | Reached skill level 5 in Axes
   132 | D        | Reached XP level 2. HP: 22/29 MP: 1/1
   136 | D        | Reached XP level 3. HP: 29/37 MP: 2/2
   455 | D        | Noticed a water elemental
   460 | D        | Slain by a water elemental

Illustrated notes

Levels and vault maps discovered:
D:        dungeon_sprint_mu [sprint_mu_entry_cave, sprint_mu_temple_rooms,
          sprint_mu_d1_horrors, sprint_mu_d2_genie, sprint_mu_d3_branching,
          sprint_mu_orc_legion, sprint_mu_elf_gauntlet, sprint_mu_hive_nellie,
          sprint_mu_lair_fedhas, sprint_mu_vaults_butterflies,
          sprint_mu_slime_circle, sprint_mu_swamp_cave, sprint_mu_shoals_archi,
          sprint_mu_blade_basic, sprint_mu_crypt_fortress,
          sprint_mu_tomb_spiral, sprint_mu_vestibule_basic,
          sprint_mu_gehenna_hellfire, sprint_mu_dis_giant,
          sprint_mu_tartarus_statrot, sprint_mu_cocytus_islands, sprint_mu_zot1]

Skill      XL: |  1 |
---------------+----+-----
Fighting       | 5 |  5.7
Axes           | 5 |  5.7
Armour         | 3 |  3.9
Dodging        | 3 |  3.5

Action                   || total
-------------------------++-------
Melee: Hand axe          ||    13
       Headbutt          ||     3
Invok: Berserk           ||     2
 Stab: Sleeping          ||     1
Armor: Animal skin       ||     1
Dodge: Dodged            ||     8
